 Dungeon Crawl Stone Soup version 0.21-a0-33-g8b44e26 (webtiles) character file.

17837 grindst0ne the Fighter (level 12, 0/107 HPs)
             Began as a Formicid Fighter on May 27, 2017.
             Was a High Priest of Okawaru.
             Slain by a death yak (14 damage)
             ... on level 11 of the Dungeon.
             The game lasted 00:45:50 (14551 turns).

grindst0ne the Fighter (Formicid Fighter)          Turns: 14551, Time: 00:45:51

Health: 0/107      AC: 18    Str: 22    XL:     12   Next: 87%
Magic:  16/16      EV: 11    Int:  8    God:    Okawaru [*****.]
Gold:   554        SH: 13    Dex: 14    Spells: 11/11 levels left

rFire    . . .     SeeInvis +   W - +0 broad axe (chop)
rCold    . . .     Gourm    .   c - +1 shield
rNeg     . . .     Faith    .   L - +0 plate armour
rPois    .         Spirit   .   (helmet unavailable)
rElec    .         Reflect  .   O - +0 cloak
rCorr    .         Harm     .   (no gloves)
MR       +....                  Q - +1 pair of boots {run}
Stlth    ..........             (no amulet)
Regen    0.3/turn               H - ring of stealth
MPRegen  0.2/turn               (no ring)

@: quick
A: permanent stasis, dig shafts and tunnels, four strong arms, antennae 3, low
mp 1, robust 1, wild magic 1
a: Dig, Shaft Self, Heroism, Finesse, Renounce Religion


You were on level 11 of the Dungeon.
You worshipped Okawaru.
Okawaru was extremely pleased with you.
You were hungry.

You visited 2 branches of the dungeon, and saw 14 of its levels.
You also visited: Sewer.

You collected 554 gold pieces.

Inventory:

Hand Weapons
 a - a +0 war axe
 w - a +2 vampiric double sword
 B - a +1 flail of protection
 M - a cursed -2 blowgun
 N - a +1 vampiric spear
 W - a +0 broad axe of chopping (weapon)
Missiles
 r - 2 throwing nets (quivered)
 D - 4 steel tomahawks
 R - 5 javelins
Armour
 b - a +0 scale mail
 c - a +1 shield (worn)
 v - a +0 chain mail
 A - a +0 pair of boots
 L - a +0 plate armour (worn)
 O - a +0 cloak (worn)
 Q - a +1 pair of boots of running (worn)
Jewellery
 H - a ring of stealth (left hand)
Wands
 y - a wand of flame (19/48)
 z - a wand of iceblast (7/15)
 G - a wand of iceblast (5/15)
 I - a wand of confusion (12/48)
Scrolls
 e - 3 scrolls of amnesia
 j - 6 scrolls of teleportation
 k - a scroll of fog
 m - 6 scrolls of magic mapping
 n - 2 scrolls of recharging
 t - 2 scrolls of fear
 J - a scroll of noise
 K - 3 scrolls of remove curse
 P - a scroll of identify
 T - a scroll of enchant armour
Potions
 d - 3 potions of brilliance
 i - 4 potions of flight
 o - 2 potions of curing
 p - 3 potions of haste
 q - a potion of heal wounds
 s - 4 potions of magic
 C - 2 potions of agility
 E - a potion of degeneration
Books
 x - a book of Cantrips

   Spells                             Type                      Level
   a - Confusing Touch                Hexes                        1
   b - Animate Skeleton               Necromancy                   1
   c - Summon Small Mammal            Summoning                    1
   d - Apportation                    Translocation                1
 F - a book of Minor Magic

   Spells                             Type                      Level
   a - Magic Dart                     Conjuration                  1
   b - Blink                          Translocation                2
   c - Call Imp                       Summoning                    2
   d - Slow                           Hexes                        2
   e - Conjure Flame                  Conjuration/Fire             3
   f - Mephitic Cloud                 Conjuration/Poison/Air       3
Comestibles
 f - 5 bread rations
 g - 2 meat rations
 h - 14 fruits
 l - 11 royal jellies


   Skills:
 - Level 10.4 Fighting
 + Level 6.5 Axes
 - Level 10.0 Armour
 - Level 9.0 Dodging
 - Level 9.1 Shields
 - Level 3.2 Invocations
 - Level 9.0 Evocations


You had 11 spell levels left.
You didn't know any spells.

Dungeon Overview and Level Annotations

Branches:
Dungeon (13/15)            Temple (1/1) D:5             Orc (0/2) D:10
   Lair: D:8-11      Vaults: D:13-14

Altars:
Ashenzari
Cheibriados
Dithmenos
Elyvilon
Fedhas
Gozag
Hepliaklqana
Kikubaaqudgha
Makhleb
Nemelex Xobeh
Okawaru
Qazlal
Ru
Sif Muna
Trog
Uskayaw
Vehumet
Wu Jian
Xom
Yredelemnul
Zin
The Shining One

Shops:
D:5 (

Portals:
Trove: D:10 (give +5 demon blade)

Annotations:
D:4 1 transporter


Innate Abilities, Weirdness & Mutations

You cannot be hasted, slowed, berserked, paralysed or teleported.
You can dig through walls and to a lower floor.
Your four strong arms can wield two-handed weapons with a shield.
You have a pair of large antennae on your head. (SInv)
Your magical capacity is low. (-10% MP)
You are robust. (+10% HP)
Your spells are a little harder to cast, but a little more powerful.


Message History

The death yak is moderately wounded.
You slash the death yak! The death yak gores you.
* * * LOW HITPOINT WARNING * * *
You block the death yak's attack.
You feel much better.
You feel less wooden.
Your +0 cloak unmelds from your body.
Your +1 pair of boots of running unmelds from your body.
Your +0 plate armour unmelds from your body.
You feel quick. You block the death yak's attack. The death yak gores you!!
* * * LOW HITPOINT WARNING * * *
You slash the death yak!
The death yak is heavily wounded.
Your plate armour prevents you from hitting the death yak.
You block the death yak's attack. x2; The death yak misses you.
You slash the death yak!
The death yak is severely wounded.
You barely miss the death yak. The death yak barely misses you.
The death yak gores you!
You die...

........#
........#
.#......#
........#
........#
#......>#
.......>######
.......>Y#Y#.##
........#Y@.#.##
..Y.....#####..##
........# #รท##.#
........# ##..##
........# ####
......[.# .......


You could see 3 death yaks.

Vanquished Creatures
  Kirke (D:12)
  Erolcha (D:10)
  The ghost of grindst0ne the Fighter, a journeyman FoFi of Okawaru (D:9)
  2 two-headed ogres
  A tengu warrior (D:12)
  3 death yaks (D:11)
  Urug (D:12)
  Pikel (D:8)
  An ugly thing (D:11)
  A troll (D:12)
  The ghost of Syneil the Slicer, an amateur KoBe of Trog (D:4)
  A hippogriff (D:12)
  A wyvern (D:9)
  3 hogs (D:12)
  A wraith (D:10)
  3 hungry ghosts
  13 yaks
  2 water moccasins
  5 ice beasts
  4 orc warriors
  A phantom (D:10)
  A black bear (D:10)
  2 eyes of draining
  10 ogres
  7 centaurs
  A crocodile (D:10)
  3 big kobolds
  7 bullfrogs
  3 scorpions
  4 killer bees (D:6)
  3 troll zombies (D:10)
  4 crimson imps
  2 centaur zombies
  A quasit (D:12)
  2 centaur skeletons
  5 jellies
  3 bullfrog skeletons
  9 orc priests
  4 hounds
  14 orc wizards
  6 worker ants
  2 iguanas
  5 ogre zombies (D:10)
  2 hound skeletons
  A hound zombie (D:6)
  8 gnolls
  12 adders
  3 river rats (Sewer)
  A shadow imp (D:6)
  9 oozes
  An adder zombie (D:7)
  4 worms
  2 dart slugs
  5 leopard geckos
  37 orcs
  A giant cockroach (D:3)
  7 goblins
  7 hobgoblins
  16 jackals
  4 quokkas
  11 ball pythons
  10 bats
  7 frilled lizards
  2 goblin skeletons (D:10)
  2 goblin zombies (D:10)
  2 hobgoblin skeletons (D:10)
  2 hobgoblin zombies (D:10)
  29 kobolds
  2 orc skeletons (D:10)
  15 orc zombies (D:10)
  28 rats
376 creatures vanquished.

Vanquished Creatures (others)
  A human (D:12)
  An orc priest (D:12)
  An orc wizard (D:12)
3 creatures vanquished.

Grand Total: 379 creatures vanquished

Notes
Turn   | Place    | Note
-------+----------+-------------------------------------------
     0 | D:1      | grindst0ne the Formicid Fighter began the quest for the Orb.
     0 | D:1      | Reached XP level 1. HP: 18/18 MP: 1/1
   219 | D:1      | Reached XP level 2. HP: 24/24 MP: 2/2
   616 | D:2      | Reached XP level 3. HP: 26/30 MP: 3/3
  1012 | D:2      | Reached XP level 4. HP: 26/37 MP: 4/4
  1332 | D:3      | Found a glowing drain.
  1344 | D:3      | Reached XP level 5. HP: 43/43 MP: 5/5
  1385 | Sewer    | Entered a sewer
  1655 | Sewer    | Reached skill level 5 in Fighting
  1887 | Sewer    | Reached XP level 6. HP: 41/51 MP: 6/6
  2017 | Sewer    | Reached skill level 5 in Shields
  2018 | Sewer    | Gained mutation: You are robust. (+10% HP) [potion of mutation]
  2018 | Sewer    | Gained mutation: Your mind is acute. (Int +2) [potion of mutation]
  2018 | Sewer    | Gained mutation: You do not regenerate when monsters are visible. [potion of mutation]
  2018 | Sewer    | Gained mutation: You are partially covered in thin metallic scales. (AC +2) [potion of mutation]
  2278 | Sewer    | Lost mutation: You are partially covered in thin metallic scales. (AC +2) [potion of mutation]
  2278 | Sewer    | Lost mutation: You do not regenerate when monsters are visible. [potion of mutation]
  2278 | Sewer    | Lost mutation: You are robust. (+10% HP) [potion of mutation]
  2278 | Sewer    | Lost mutation: Your mind is acute. (Int +2) [potion of mutation]
  2278 | Sewer    | Gained mutation: You are robust. (+10% HP) [potion of mutation]
  2278 | Sewer    | Gained mutation: Your magical capacity is low. (-10% MP) [potion of mutation]
  2278 | Sewer    | Gained mutation: Your spells are a little harder to cast, but a little more powerful. [potion of mutation]
  2551 | D:3      | Reached XP level 7. HP: 61/61 MP: 6/6
  2682 | D:3      | You fall through a shaft for 2 floors!
  2682 | D:5      | Entered Level 5 of the Dungeon
  3493 | D:4      | Noticed Syneil's ghost (amateur KoBe)
  3621 | D:4      | Killed Syneil's ghost
  3621 | D:4      | Reached XP level 8. HP: 45/68 MP: 7/7
  4568 | D:4      | Found a sparkling altar of Nemelex Xobeh.
  4638 | D:4      | Reached skill level 5 in Armour
  5201 | D:5      | Found Wutof's Weapon Shop.
  5250 | D:5      | Found a sacrificial altar of Ru.
  5407 | D:5      | Reached XP level 9. HP: 64/74 MP: 8/8
  5477 | D:5      | Found a staircase to the Ecumenical Temple.
  5493 | Temple   | Entered the Ecumenical Temple
  5618 | Temple   | Became a worshipper of Warmaster Okawaru
  6977 | D:6      | Reached * piety under Okawaru
  7163 | D:7      | Found an ancient bone altar of Kikubaaqudgha.
  7227 | D:7      | Reached skill level 10 in Armour
  7275 | D:7      | Reached skill level 1 in Dodging
  7596 | D:7      | Reached XP level 10. HP: 57/81 MP: 9/9
  7972 | D:7      | Reached ** piety under Okawaru
  8350 | D:8      | Noticed Pikel
  8367 | D:8      | Killed Pikel
  8432 | D:8      | Reached skill level 1 in Evocations
  8902 | D:9      | Found an ornate altar of the Wu Jian Council.
  8914 | D:9      | Noticed a two-headed ogre
  8929 | D:9      | Killed a two-headed ogre
  8929 | D:9      | Reached skill level 5 in Evocations
  9101 | D:9      | Reached *** piety under Okawaru
  9515 | D:9      | Reached skill level 1 in Invocations
  9515 | D:9      | Reached XP level 11. HP: 88/88 MP: 14/14
 10047 | D:9      | Noticed grindst0ne's ghost (journeyman FoFi)
 10640 | D:9      | Killed grindst0ne's ghost
 10640 | D:9      | Reached **** piety under Okawaru
 11090 | D:10     | Entered Level 10 of the Dungeon
 11394 | D:10     | Received a gift from Okawaru
 11582 | D:10     | Found a staircase to the Orcish Mines.
 11763 | D:10     | Found an opulent altar of Gozag.
 11803 | D:10     | Noticed Erolcha
 11851 | D:10     | Killed Erolcha
 11995 | D:10     | Found a portal to a secret trove of treasure.
 12087 | D:10     | Reached ***** piety under Okawaru
 12326 | D:10     | You fall through a shaft for 2 floors!
 12369 | D:12     | Received a gift from Okawaru
 12443 | D:12     | Identified a +1 pair of boots of running (Okawaru gifted it to you on level 12 of the Dungeon)
 12460 | D:12     | Noticed Kirke
 12462 | D:12     | Reached XP level 12. HP: 38/103 MP: 15/15
 12523 | D:12     | Killed Kirke
 12803 | D:12     | Noticed a two-headed ogre
 12812 | D:12     | Killed a two-headed ogre
 12812 | D:12     | Reached skill level 10 in Fighting
 13044 | D:12     | Noticed Urug
 13105 | D:12     | Killed Urug
 13358 | D:12     | Noticed a tengu warrior
 13406 | D:12     | Killed a tengu warrior
 14231 | D:11     | Noticed a death yak
 14231 | D:11     | Noticed a death yak
 14256 | D:11     | Killed a death yak
 14280 | D:11     | Killed a death yak
 14280 | D:11     | Received a gift from Okawaru
 14280 | D:11     | Reached skill level 5 in Axes
 14511 | D:11     | Noticed a death yak
 14518 | D:11     | Noticed a death yak
 14519 | D:11     | Noticed a death yak
 14519 | D:11     | Noticed a death yak
 14545 | D:11     | Killed a death yak
 14551 | D:11     | Slain by a death yak

Vault maps used:
D:1:      nicolae_arrival_memento_mori
D:2:      guppyfry_early_orc_mine
D:3:      first_bread, cheibrodos_sewer_entry_sluice
D:4:      cheibrodos_pilgrimage, grunt_nemelex_the_gamble
D:5:      temple_green, serial_shops, shop, nicolae_ru_the_path_less_chosen
D:7:      lemuel_crystal_altar, st_stairs_4
D:8:      uniq_pikel
D:9:      basic_altar
D:10:     zombieorc2_lemuel, nicolae_trove_entry_crystal,
          hangedman_little_slice_of_home, grunt_gozag_breadcrumbs, uniq_erolcha,
          uniq_maurice
D:11:     dpeg_lair_monsters
D:12:     uniq_urug, uniq_kirke
D:13:     basic_altar, kennysheep_generic_room_3, uniq_sonja, uniq_rupert,
          uniq_snorg, uniq_nessos
Temple:   kilobyte_greek_temple
Sewer:    sewer_minmay_w

Skill      XL: |  1  2  3  4  5  6  7  8  9 10 11 12 |
---------------+-------------------------------------+-----
Fighting       | 4 5 8 10 | 10.4
Axes           | 3 4 6 |  6.5
Shields        | 4 6 9 |  9.1
Armour         | 7 10 | 10.0
Dodging        | 3 6 9 |  9.0
Evocations     | 7 9 |  9.0
Invocations    | 1 3 |  3.2

Action                   |  1- 3 |  4- 6 |  7- 9 | 10-12 || total
-------------------------+-------+-------+-------+-------++-------
Melee: War axe           |   101 |   167 |   284 |       ||   552
       Flail             |       |       |   284 |  1085 ||  1369
       Spear             |       |       |       |    40 ||    40
       Double sword      |       |       |       |    88 ||    88
       Broad axe         |       |       |       |    34 ||    34
       Unarmed           |       |       |       |    30 ||    30
Invok: Heroism           |       |       |       |     1 ||     1
 Abil: Dig               |       |     2 |    11 |    38 ||    51
Evoke: Wand              |       |       |       |     6 ||     6
  Use: Scroll            |       |     9 |     8 |     9 ||    26
       Potion            |       |     4 |       |    12 ||    16
 Stab: Confused          |       |       |       |     2 ||     2
  Eat: Chunk             |       |     7 |    11 |    24 ||    42
       Bread ration      |       |       |     3 |     4 ||     7
       Meat ration       |       |       |     2 |       ||     2
       Royal jelly       |       |       |       |     3 ||     3
       Fruit             |       |       |       |     1 ||     1
Armor: Scale mail        |    55 |    95 |    35 |       ||   185
       Chain mail        |       |       |   146 |    51 ||   197
       Plate armour      |       |       |       |   508 ||   508
       Skin              |       |       |       |    23 ||    23
Dodge: Dodged            |    44 |    77 |   130 |   422 ||   673
Block: Shield            |    65 |   128 |   347 |   868 ||  1408
       Rpst.: Double sword |       |       |       |    18 ||    18
